 Dungeon Crawl Stone Soup version 0.24-a0-584-g9d6b971ae4 (webtiles) character file.

Game seed: 91857431610071094, levelgen mode: classic

1464068 EnegeticOcto the Ninja (level 27, 227/228 (231) HPs)
             Began as a Vampire Wanderer on Aug 20, 2019.
             Was an Initiate of Gozag.
             Escaped with the Orb
             ... and 3 runes on Sept 1, 2019!
             The game lasted 03:12:29 (96696 turns).

EnegeticOcto the Ninja (Vampire Wanderer)          Turns: 96696, Time: 03:12:30

HP:   227/228 (231) AC: 29    Str: 11    XL:     27
MP:   39/39         EV: 23    Int: 23    God:    Gozag
Gold: 8777          SH: 18    Dex: 19    Spells: 10/50 levels left

rFire    + . .     SeeInvis +   b - +9 quick blade (flame)
rCold    + + .     Gourm    .   E - +5 shield {rN+}
rNeg     + + .     Faith    .   F - +4 faerie dragon scales {rCorr Str+3 Dex+5 Clar}
rPois    +         Spirit   +   (helmet restricted)
rElec    .         Reflect  .   G - scarf {rC+ rF+}
rCorr    +         Harm     .   O - +2 pair of gloves
MR       ++...     Clarity  +   D - +2 pair of boots of the Assassin {Detection Stab+ Stlth++}
Stlth    ++++......             H - amulet of guardian spirit
HPRegen  0.68/turn              U - ring of Robustness {AC+8, =R}
MPRegen  0.26/turn              Y - ring of Noded {Ice rPois rN+ Str-3 Slay+5}

@: regenerating quickly
A: no food, fangs 3, horns 1, molten scales 1, see invisible, dopey 1, fire
resistance 1, weak 1, unbreathing, subdued magic 1, MP-powered wands
0: Orb of Zot
}: 3/15 runes: decaying, abyssal, gossamer
a: Exsanguinate, Potion Petition, Call Merchant, Bribe Branch, Renounce Religion


You escaped.
You worshipped Gozag.
Gozag was greatly pleased with you.
You were alive.

You visited 11 branches of the dungeon, and saw 52 of its levels.
You visited the Abyss 2 times.
You also visited: Ossuary and Ice Cave.

You collected 33705 gold pieces.
You spent 8655 gold pieces at shops.
You paid 16273 gold pieces to Gozag.

Inventory:

Hand Weapons
 a - a +8 dagger of electrocution
 b - a +9 quick blade of flaming (weapon)
 e - a +3 war axe of distortion
Missiles
 h - 2 throwing nets (quivered) {!f}
Armour
 D - the +2 pair of boots of the Assassin (worn) {Detection Stab+ Stlth++}
   (You bought it in a shop on level 2 of the Orcish Mines)

   It makes you much more stealthy.
 E - a +5 shield of positive energy (worn)
 F - the +4 faerie dragon scales (worn) {rCorr Str+3 Dex+5 Clar}
   (You took it off the Enchantress on level 15 of the Dungeon)

   It affects your strength (+3).
   It affects your dexterity (+5).
   It protects you against confusion.
   It provides partial protection from all sources of acid and corrosion.
 G - a scarf of resistance (worn)
 O - a +2 pair of gloves (worn)
 V - a +2 cloak of poison resistance
Magical Staves
 q - an uncursed staff of wizardry
Jewellery
 H - an amulet of guardian spirit (around neck)
 M - an uncursed ring of protection from magic
 Q - an uncursed ring of protection from fire
 T - the ring "Papevei" {rF+ MR++ Slay-3}
   (You took it off a deep elf mage on level 3 of the Elven Halls)

   [ring of protection from fire]

   It affects your accuracy and damage with ranged weapons and melee attacks
   (-3).
   It protects you from fire.
   It affects your resistance to hostile enchantments.
 U - the ring of Robustness (left hand) {AC+8, =R}
   (You found it on level 1 of the Depths)

   [ring of protection]

   It affects your AC (+8).
 Y - the ring of Noded (right hand) {Ice rPois rN+ Str-3 Slay+5}
   (You found it on level 2 of the Depths)

   [ring of ice]

   It enhances your ice magic.
   It affects your strength (-3).
   It affects your accuracy and damage with ranged weapons and melee attacks
   (+5).
   It makes you vulnerable to fire.
   It protects you from cold.
   It protects you from poison.
   It protects you from negative energy.
Wands
 p - a wand of digging (3)
 A - a wand of iceblast (49)
 K - a wand of disintegration (21)
 P - a wand of scattershot (15)
 R - a wand of paralysis (21)
 X - a wand of acid (2)
Scrolls
 f - 17 scrolls of magic mapping {@r5 !r}
 k - 26 scrolls of remove curse {@r2}
 l - 7 scrolls of fog {!r}
 m - 11 scrolls of immolation
 n - a scroll of vulnerability
 o - 25 scrolls of teleportation {@r3 !r}
 t - 8 scrolls of amnesia
 u - 6 scrolls of fear {!r}
 B - 3 scrolls of silence
 L - 2 scrolls of blinking {@r4}
 Z - a scroll of summoning
Potions
 c - 5 potions of cancellation
 d - 6 potions of haste {@q4 !q}
 g - 9 potions of agility {@q5 !q}
 i - 3 potions of magic
 r - 4 potions of heal wounds {@q2 !q}
 s - 5 potions of might {@q3 !q}
 w - 7 potions of brilliance
 x - 9 potions of curing {@q1 !q}
 y - a potion of berserk rage
 z - 3 potions of resistance
 C - 4 potions of ambrosia
 I - 5 potions of mutation
 J - 2 potions of invisibility
 S - 5 potions of lignification {@q6}
Miscellaneous
 j - a lamp of fire
 v - 2 phantom mirrors
 N - 2 boxes of beasts
 W - a lightning rod (4/4)


   Skills:
 + Level 21.8 Fighting
 - Level 10.0 Short Blades
   Level 3.3(3.5) Polearms
 - Level 1.0(2.1) Staves
 - Level 10.0 Armour
 - Level 15.0 Dodging
 O Level 27 Stealth
 - Level 15.0 Shields
 - Level 12.0 Spellcasting
 - Level 6.0 Conjurations
 - Level 24.0 Hexes
 - Level 4.0 Translocations
 - Level 12.0 Transmutations
 - Level 6.0 Ice Magic
 - Level 5.0 Air Magic
 - Level 5.0 Poison Magic
 + Level 11.7 Evocations


You had 10 spell levels left.
You knew the following spells:

 Your Spells              Type           Power        Failure   Level  Hunger
a - Invisibility          Hex            #######.     1%          6    N/A
b - Confuse               Hex            #######.     0%          3    N/A
c - Ensorcelled Hibernat  Hex/Ice        ######       0%          2    N/A
d - Confusing Touch       Hex            ######       0%          1    N/A
e - Tukima's Dance        Hex            #######.     0%          3    N/A
f - Apportation           Tloc           ###...       1%          1    N/A
g - Lesser Beckoning      Tloc           ###.......   2%          3    N/A
h - Mephitic Cloud        Conj/Pois/Air  ####....     1%          3    N/A
i - Passage of Golubria   Tloc           N/A          10%         4    N/A
j - Sublimation of Blood  Necr           ##........   8%          2    N/A
k - Swiftness             Chrm/Air       ###.....     2%          2    N/A
l - Irradiate             Conj/Tmut      #####.....   3%          5    N/A
p - Passwall              Tmut/Erth      ####....     1%          2    N/A
O - Summon Butterflies    Summ           ##......     4%          1    N/A
Y - Blink                 Tloc           N/A          1%          2    N/A

Your spell library contained the following spells:

 Spells                   Type           Power        Failure   Level  Hunger
 Corona                   Hex            #######      0%          1    N/A
 Slow                     Hex            #######.     0%          2    N/A
 Cause Fear               Hex            #######...   0%          4    N/A
 Magic Dart               Conj           ####         1%          1    N/A
 Shock                    Conj/Air       ####         1%          1    N/A
 Sting                    Conj/Pois      ####         1%          1    N/A
 Poisonous Vapours        Pois/Air       ####..       1%          2    N/A
 Searing Ray              Conj           ####..       1%          2    N/A
 Throw Flame              Conj/Fire      ###...       1%          2    N/A
 Dazzling Spray           Conj/Hex       ######       1%          3    N/A
 Ignite Poison            Fire/Tmut/Pois ####....     1%          3    N/A
 Inner Flame              Hex/Fire       ######..     1%          3    N/A
 Portal Projectile        Hex/Tloc       ######       1%          3    N/A
 Static Discharge         Conj/Air       ####....     1%          3    N/A
 Fulminant Prism          Conj/Hex       ######....   1%          4    N/A
 Leda's Liquefaction      Hex/Erth       ######....   1%          4    N/A
 Silence                  Hex/Air        ######....   1%          5    N/A
 Darkness                 Hex            #######...   1%          6    N/A
 Gell's Gravitas          Tloc           ###.......   2%          3    N/A
 Teleport Other           Tloc           ###.....     2%          3    N/A
 Shroud of Golubria       Chrm/Tloc      ###...       3%          2    N/A
 Animate Skeleton         Necr           N/A          4%          1    N/A
 Sandblast                Erth           ##....       4%          1    N/A
 Summon Small Mammal      Summ           ##..         4%          1    N/A
 Conjure Flame            Conj/Fire      ###.....     4%          3    N/A
 Stone Arrow              Conj/Erth      ###...       4%          3    N/A
 Iskenderun's Mystic Bla  Conj           ####....     4%          4    N/A
 Petrify                  Tmut/Erth      ####....     4%          4    N/A
 Alistair's Intoxication  Tmut/Pois      #####...     4%          5    N/A
 Recall                   Summ/Tloc      N/A          7%          3    N/A
 Airstrike                Air            ####......   7%          4    N/A
 Force Lance              Conj/Tloc      ####....     7%          4    N/A
 Olgreb's Toxic Radiance  Pois           ####....     7%          4    N/A
 Call Imp                 Summ           ##......     8%          2    N/A
 Lightning Bolt           Conj/Air       ####......   16%         5    N/A
 Venom Bolt               Conj/Pois      ####......   16%         5    N/A
 Summon Lightning Spire   Summ/Air       ###.....     19%         4    N/A
 Fireball                 Conj/Fire      ###.......   41%         5    N/A
 Iskenderun's Battlesphe  Conj/Chrm      ###.....     41%         5    N/A
 Bolt of Magma            Conj/Fire/Erth ###.......   56%         5    N/A
 Freezing Cloud           Conj/Ice/Air   #####.....   63%         6    N/A
 Conjure Ball Lightning   Conj/Air       ####......   67%         6    N/A
 Poison Arrow             Conj/Pois      ####......   67%         6    N/A
 Borgnjor's Vile Clutch   Necr/Erth      ##........   85%         5    N/A
 Lee's Rapid Deconstruct  Erth           ##........   85%         5    N/A
 Dispersal                Tloc           ###.......   86%         6    N/A
 Bolt of Fire             Conj/Fire      ###.......   95%         6    N/A
 Iron Shot                Conj/Erth      ###.......   95%         6    N/A
 Deflect Missiles         Chrm/Air       ###.......   97%         6    N/A
 Orb of Destruction       Conj           ####......   99%         7    N/A
 Shadow Creatures         Summ           N/A          100%        6    N/A
 Ring of Flames           Chrm/Fire      ##........   100%        7    N/A
 Spellforged Servitor     Conj/Summ      ###.......   100%        7    N/A
 Chain Lightning          Conj/Air       ####......   100%        8    N/A
 Controlled Blink         Tloc           N/A          100%        8    N/A
 Disjunction              Tloc           ###.......   100%        8    N/A
 Ignition                 Fire           ##........   100%        8    N/A
 Lehudib's Crystal Spear  Conj/Erth      ###.......   100%        8    N/A
 Fire Storm               Conj/Fire      ###.......   100%        9    N/A
 Glaciate                 Conj/Ice       #####.....   100%        9    N/A
 Tornado                  Air            ####......   100%        9    N/A

Dungeon Overview and Level Annotations

Branches:
Dungeon (15/15)            Temple (0/1) D:6            Lair (6/6) D:9
  Swamp (4/4) Lair:3       Spider (4/4) Lair:2        Slime (1/5) Lair:6
    Orc (2/2) D:12            Elf (3/3) Orc:2        Vaults (4/5) D:14
  Crypt (3/3) Vaults:2       Tomb (0/3) Crypt:3      Depths (5/5) D:15
    Zot (5/5) Depths:5

Altars:
Ashenzari
Cheibriados
Elyvilon
Fedhas
Gozag
Hepliaklqana
Kikubaaqudgha
Qazlal
Sif Muna
Trog
Xom
Yredelemnul
Jiyva

Shops:
D:12 *   D:13 (   D:15 ((   Orc:1 *   Orc:2 :[(:(   Vaults:3 [!%*((*
Depths:1 =}}   Depths:2 %*=

Portals:
Hell: Depths:2 Depths:3 Depths:4 Depths:5
Abyss: Depths:3 Depths:4
Pandemonium: Depths:2 Depths:3 Depths:4
Ziggurat: Depths:2

Annotations:
Elf:2 5 runed translucent doors
Crypt:2 1 runed translucent door, Mehus's ghost, veteran MiBe; Mennas
Depths:1 1 exclusion
Depths:2 2 transporters, Uptanipo's ghost, master KoEn


Innate Abilities, Weirdness & Mutations

You do not eat.
Your natural rate of healing is unusually fast.
You have razor-sharp teeth.
You have supernaturally acute eyesight. (SInv)
You can survive without breathing.
You have a pair of small horns on your head.
You are partially covered in molten scales. (AC +2)
You are dopey. (Int -2)
Your flesh is heat resistant. (rF+)
You are weak. (Str -2)
Your spells are a little easier to cast, but a little less powerful.
You expend magic power (3 MP) to strengthen your wands.


Message History

You miss the sixfirhy. You headbutt the sixfirhy.
The sixfirhy is heavily wounded.
You block the sixfirhy's attack.
You miss the sixfirhy. Your headbutt misses the sixfirhy.
The sixfirhy is heavily wounded.
You block the sixfirhy's attack.
You miss the sixfirhy. Your bite misses the sixfirhy.
The sixfirhy is heavily wounded.
The sixfirhy hits you but does no damage.
You puncture the sixfirhy! You burn the sixfirhy.
The sixfirhy is almost dead.
You block the sixfirhy's attack.
You completely miss the sixfirhy.
The sixfirhy is almost dead.
You block the sixfirhy's attack. x2
You hit the sixfirhy. You burn the sixfirhy.
You headbutt the sixfirhy, but do no damage.
The sixfirhy is almost dead.
You closely miss the sixfirhy. Your bite misses the sixfirhy.
The sixfirhy is almost dead.
You puncture the sixfirhy! You burn the sixfirhy.
You kill the sixfirhy!
No target in view!
No target in view!
(D) Dungeon (T) Temple (L) Lair (S) Swamp (N) Spider Nest (M) Slime Pits (O) Orcish Mines (E) Elven Halls (V) Vaults (C) Crypt (W) Tomb (U) Depths (H) Hell (Z) Zot
Where to? (Enter - D:1 @ (x,y), ? - help)
You climb upwards.
There is a stone staircase leading down here.
You see here a +0 falchion.
An Orb Guardian comes into view.
The Orb Guardian moves out of view.
The Orb Guardian closely misses you. You block the Orb Guardian's attack.
There is a stone staircase leading up here.
Casting: Passwall (safe; 1% risk of failure)
Confirm with . or Enter, or press ? or * to list all spells.
Your hands begin to glow red.
The Orb Guardian hits you!! You block the Orb Guardian's attack.
Press: ? - help, v - describe, . - travel
Here: an Orb Guardian (chance to confuse on hit: 30%)
The floor.
You hit the Orb Guardian but do no damage.
The Orb Guardian appears confused.
You headbutt the Orb Guardian, but do no damage.
You bite the Orb Guardian, but do no damage.
You catch the helpless Orb Guardian completely off-guard!
You skewer the Orb Guardian like a kebab!!!
You burn the Orb Guardian! You headbutt the Orb Guardian.
You bite the Orb Guardian, but do no damage.
The Orb Guardian is severely wounded.
You hit the Orb Guardian but do no damage.
You bite the Orb Guardian, but do no damage.
The Orb Guardian is severely wounded.
You hit the Orb Guardian but do no damage.
The Orb Guardian is severely wounded.
You catch the helpless Orb Guardian completely off-guard!
You stick the Orb Guardian like a pincushion!!!
You burn the Orb Guardian.
You kill the Orb Guardian!
No target in view!
No target in view!
No target in view!
No target in view!
You now have 8777 gold pieces (gained 15).
There is a stone staircase leading up, spattered with blood here.
(D) Dungeon (T) Temple (L) Lair (S) Swamp (N) Spider Nest (M) Slime Pits (O) Orcish Mines (E) Elven Halls (V) Vaults (C) Crypt (W) Tomb (U) Depths (H) Hell (Z) Zot
Where to? (Enter - D:1 @ (x,y), ? - help)
You climb upwards.
There is a stone staircase leading down here.
You sense a monster nearby.
A kobold comes into view. It is wielding a +0 short sword.
An eye of draining comes into view.
A Tzitzimitl comes into view.
The eye of draining gazes at you.
You feel your power leaking away.
The Tzitzimitl becomes distracted by your gold, dreaming of imaginary riches.
There is a stone staircase leading up here.
The kobold closely misses you.
You climb upwards.
There is a stone staircase leading down here.
You hit the kobold. You burn the kobold.
You kill the kobold!
No target in view!
No target in view!
HP restored.
You see here a spear.
Magic restored.
An eye of draining and a kobold come into view.
There is an empty arch of ancient stone here.
A Brimstone Fiend comes into view.
The Brimstone Fiend misses you.
You block the Brimstone Fiend's attack. x2
There is a staircase leading out of the dungeon here.
You block the Brimstone Fiend's attack. x2; The Brimstone Fiend hits you.
You have escaped!

############# #
#...........# #
##.8.⌠.8.⌠.8.##
###.............##
..∩.≈≈≈≈≈≈≈≈≈≈≈1@#
###.............##
##.8.⌠.8.⌠.8.##
#...........#
#############


You could see a Brimstone Fiend.

Vanquished Creatures
  Khufu (Crypt:1)
  Mara (Depths:2)
  A juggernaut (Depths:3)
  An ancient lich (Crypt:3)
  A greater mummy (Crypt:1)
  Boris (Crypt:3)
  Saint Roka (Depths:5)
  4 curse toes
  Nikola (Depths:2)
  9 golden dragons
  the Enchantress (D:15)
  Arachne (Spider:4)
  5 liches
  An electric golem (Zot:5)
  12 tentacled monstrosities
  Asterion (Vaults:1)
  A titan (Depths:2)
  A Hell Sentinel (Depths:1)
  5 Orb Guardians
  2 deep elf master archers (Elf:3)
  4 quicksilver dragons
  4 deep elf blademasters
  A tentacled starspawn (Abyss:2)
  An acid blob (Slime:1)
  An ancient champion (Crypt:2)
  6 death cobs
  2 sphinxes
  3 thorn hunters
  3 revenants
  7 shadow dragons
  10 draconian monks
  10 fire giants
  5 storm dragons
  Donald (Swamp:4)
  2 tengu reavers
  20 frost giants
  2 draconian knights
  The ghost of xoxolimbo the Destroyer, a journeyman DsFE of Vehumet (D:13)
  8 deep elf sorcerers
  8 ghost moths
  11 vault wardens
  4 draconian scorchers
  An orc warlord (Vaults:2)
  A balrug (Depths:4)
  4 emperor scorpions
  An iron dragon (Depths:1)
  6 draconian stormcallers
  Aizul (Vaults:1)
  A draconian shifter (Zot:1)
  6 spriggan defenders
  15 ironheart preservers
  6 draconian annihilators
  20 very ugly things
  24 stone giants
  6 deep elf elementalists
  2 reapers (Crypt:3)
  5 entropy weavers
  8 green draconians
  9 black draconians
  3 vampire knights
  5 red draconians
  4 deep elf demonologists (Elf:3)
  A dire elephant (D:15)
  6 yellow draconians
  12 spark wasps
  The ghost of Noxiv the Cleaver, a journeyman FoFi of Hepliaklqana (Lair:4)
  8 deep elf annihilators
  A minotaur (Lair:4)
  Azrael (D:15)
  8 purple draconians
  8 eidola
  9 white draconians
  A mummy priest (Crypt:3)
  A blizzard demon (Depths:3)
  15 ettins
  10 deep elf death magi
  12 fire dragons
  5 jiangshi
  4 deep elf high priests
  Josephine (D:10)
  A quicksilver dragon zombie (Crypt:3)
  24 ogre magi
  Fannar (D:10)
  19 great orbs of eyes
  12 yaktaur captains
  8 ice dragons
  A monstrous demonspawn (Depths:3)
  6 shambling mangroves
  7 spriggan air magi
  The ghost of Moredread the Destroyer, a journeyman DrCj of Sif Muna (D:12)
  30 hydras
  4 rakshasas
  8 vault guards
  Erolcha (D:12)
  A quicksilver dragon skeleton (Crypt:3)
  2 ghost crabs
  2 death knights
  21 centaur warriors
  6 tengu warriors
  14 alligators
  2 vampire magi
  12 deep troll shamans
  65 two-headed ogres
  An orc high priest (Elf:1)
  13 deep troll earth magi
  Urug (Orc:1)
  2 sun demons (Depths:4)
  5 spriggan berserkers
  6 soul eaters (Crypt:3)
  A titan skeleton (Crypt:3)
  A storm dragon zombie (Crypt:3)
  A fire crab (shapeshifter) (Vaults:4)
  15 deep elf knights
  3 shadow wraiths
  8 skeletal warriors
  3 wretched stars
  12 hell knights
  A storm dragon skeleton (Crypt:3)
  A sixfirhy (D:4)
  15 iron trolls
  38 deep trolls
  3 death drakes (Depths:5)
  4 unseen horrors
  3 spriggan druids
  11 phantasmal warriors
  7 swamp dragons
  4 flayed ghosts
  3 glowing orange brains
  16 ironbrand convokers
  5 lindwurms
  A shadow dragon zombie (Crypt:2)
  An anaconda zombie (Crypt:3)
  2 starcursed masses (Abyss:2)
  19 deep elf archers
  14 orc knights
  A shadow dragon skeleton (Crypt:2)
  6 wizards
  25 orb spiders
  3 wolf spider zombies (Crypt:3)
  A harpy (Vaults:1)
  15 necromancers
  An orb spider (shapeshifter) (Elf:3)
  An anaconda skeleton (Crypt:3)
  4 stone giant zombies
  52 deep elf magi
  5 orc sorcerers
  29 wolf spiders
  38 ugly things
  7 cyclopes
  A sphinx skeleton (Crypt:2)
  A salamander (shapeshifter) (Depths:4)
  3 manticores
  A human skeleton (Vaults:1)
  6 black mambas
  3 guardian serpents (shapeshifter)
  35 moths of wrath
  4 centaur zombies
  15 vault sentinels
  4 elephants (Lair:4)
  3 molten gargoyles
  4 torpor snails
  19 spiny frogs
  2 shock serpent zombies (Crypt:3)
  3 ice statues (IceCv)
  A spiny frog (shapeshifter) (Depths:5)
  4 gargoyles
  10 freezing wraiths
  A rime drake (shapeshifter) (Vaults:1)
  2 smoke demons
  A dire elephant skeleton (Crypt:1)
  2 rime drakes
  67 yaktaurs
  12 demonic crawlers
  4 efreet
  6 komodo dragons
  14 hellwings
  2 ice devils (D:14)
  A komodo dragon (shapeshifter) (Vaults:4)
  A red devil (Depths:3)
  A catoblepas skeleton (Crypt:1)
  A tengu conjurer (Depths:4)
  2 guardian mummies (Crypt:3)
  18 trolls
  The ghost of milododd the Ducker, a novice SpAK of Lugonu (D:6)
  25 jumping spiders
  19 tyrant leeches
  A queen bee (D:13)
  4 meliai
  A merfolk (shapeshifter) (D:15)
  A polar bear (shapeshifter) (Depths:1)
  2 harpy skeletons
  2 wind drakes (Depths:5)
  A satyr zombie (Crypt:1)
  A wolf spider simulacrum (D:14)
  A wind drake (shapeshifter) (Elf:1)
  29 hornets
  An alligator zombie (Swamp:2)
  A hydra skeleton (Crypt:3)
  A tyrant leech (shapeshifter) (D:14)
  12 bog bodies
  17 blink frogs
  3 ice dragon zombies
  61 slime creatures
  4 hippogriffs
  19 dream sheep
  A redback (shapeshifter) (Vaults:3)
  A black mamba zombie (Crypt:1)
  10 spriggans
  3 air elementals
  6 shadows
  An alligator skeleton (Crypt:3)
  An ice dragon skeleton (Crypt:3)
  34 tarantellas
  4 flying skulls (Crypt:2)
  75 redbacks
  A spriggan (shapeshifter) (Depths:2)
  An ushabti (Crypt:3)
  7 water elementals
  A tarantella (shapeshifter) (Vaults:3)
  An ettin skeleton (Crypt:3)
  11 wraiths
  2 vampires
  77 yaks
  10 wyverns
  4 basilisks
  4 fire elementals
  A chaos spawn (Depths:3)
  3 steam dragons (Lair:6)
  30 vampire mosquitoes
  A neqoxec (Depths:3)
  5 wargs
  14 insubstantial wisps
  A torturous demonspawn zombie (Crypt:2)
  22 swamp worms
  3 acid dragons
  2 acid dragons (shapeshifter)
  10 water moccasins
  An elf zombie (Vaults:1)
  A floating eye (shapeshifter) (Vaults:3)
  10 hell hounds
  13 porcupines
  11 swamp drakes
  A snapping turtle zombie (Crypt:3)
  A water nymph skeleton (Crypt:1)
  42 orc warriors
  2 swamp dragon zombies (Crypt:3)
  3 sky beasts
  6 black bears
  An ettin simulacrum (Vaults:2)
  13 ice beasts
  A hornet zombie (Swamp:2)
  3 phantoms
  13 wolves
  2 eyes of draining
  A necrophage (D:10)
  67 ogres
  18 boggarts
  An eye of draining (shapeshifter) (Depths:2)
  A blink frog skeleton (Crypt:2)
  A swamp dragon skeleton (Crypt:3)
  38 centaurs
  14 crocodiles
  6 big kobolds
  12 bullfrogs
  5 water moccasin zombies
  2 earth elementals (Elf:1)
  7 wyvern skeletons (Crypt:3)
  8 scorpions
  13 killer bees
  2 troll zombies
  A small abomination (Abyss:2)
  An orc simulacrum (Vaults:1)
  8 wights
  5 howler monkeys
  An electric eel (Lair:3)
  9 crimson imps
  A bullfrog zombie (D:11)
  A quasit (Depths:3)
  5 lava snakes (Lair:6)
  A hound (shapeshifter) (Depths:2)
  8 hounds
  A gnoll shaman (D:6)
  11 orc priests
  Crazy Yiuf (D:2)
  25 orc wizards
  2 bullfrog skeletons
  7 centaur skeletons
  An iron imp (Depths:3)
  2 iguanas
  10 worker ants
  2 naga zombies (Crypt:1)
  4 big kobold zombies (Ossuary)
  A crocodile zombie (Swamp:2)
  A crocodile skeleton (Crypt:2)
  4 mummies
  2 worker ant zombies
  9 gnolls
  A howler monkey zombie (D:9)
  9 adders
  A steam dragon skeleton (Crypt:2)
  3 shadow imps
  3 white imps
  A worker ant simulacrum (D:6)
  5 ufetubi
  5 adder zombies (Ossuary)
  2 worms
  2 dart slugs (D:1)
  2 leopard geckos
  91 orcs
  4 giant cockroaches
  3 gnoll zombies (Ossuary)
  5 hobgoblins
  8 jackals
  4 quokkas
  A ball python (D:3)
  2 bats (D:3)
  3 frilled lizards
  A frilled lizard skeleton (Crypt:2)
  5 goblins
  A goblin zombie (D:5)
  4 hobgoblin zombies (Ossuary)
  A jackal skeleton (D:9)
  21 kobolds
  6 kobold zombies (Ossuary)
  4 orc zombies (Ossuary)
  A quokka skeleton (Crypt:1)
  4 rats
  A rat zombie (D:5)
2509 creatures vanquished.

Vanquished Creatures (collateral kills)
  2 tentacled monstrosities (Zot:4)
  2 Orb Guardians (Zot:5)
  A death cob (Zot:4)
  A sphinx (Vaults:4)
  A storm dragon (Zot:4)
  A frost giant (Vaults:4)
  2 draconian scorchers
  A draconian stormcaller (Zot:1)
  A lorocyproca (Zot:5)
  A vault guard (Vaults:4)
  A sun demon (Zot:4)
  An infernal demonspawn (Zot:4)
  5 moths of wrath
  2 orc warriors (Orc:1)
22 creatures vanquished.

Vanquished Creatures (others)
  An orb of fire (Zot:5)
  9 Orb Guardians (Zot:5)
  A storm dragon (Zot:5)
  A draconian monk (Zot:5)
  A draconian scorcher (Zot:5)
  A deep elf sorcerer (Elf:3)
  A draconian stormcaller (Zot:1)
  A draconian shifter (Zot:5)
  2 black draconians
  A deep elf demonologist (Elf:3)
  2 white draconians (Zot:5)
  A purple draconian (Zot:5)
  A deep elf death mage (Elf:3)
  A yaktaur captain (Vaults:2)
  A deep troll earth mage (Depths:4)
  2 deep trolls
  A phantasmal warrior (Crypt:3)
  An orc knight (Vaults:4)
  A necromancer (Depths:3)
  3 ugly things
  2 deep elf magi
  3 moths of wrath (Zot:5)
  2 yaktaurs
  21 dancing weapons
  A water elemental (Elf:3)
  A fire elemental (D:15)
  2 hell hounds (D:15)
  An ogre (Vaults:1)
  5 orcs
  2 briar patches
  10 fungi
  14 plants
  5 withered plants (Crypt:3)
102 creatures vanquished.

Grand Total: 2633 creatures vanquished

Notes
Turn   | Place    | Note
-------+----------+-------------------------------------------
     0 | D:1      | EnegeticOcto the Vampire Wanderer began the quest for the
                  | Orb.
     0 | D:1      | EnegeticOcto set off with the following items: a +2 spear,
                  | a +0 falchion, a potion of lignification {@q6}, a +0 robe
     0 | D:1      | Reached XP level 1. HP: 18/18 MP: 1/1
   217 | D:1      | Reached skill level 2 in Stealth
   311 | D:1      | Reached XP level 2. HP: 25/25 MP: 2/2
   371 | D:1      | You fall into a shaft and drop 1 floor!
   829 | D:2      | Found a runed translucent door.
   830 | D:2      | Noticed Crazy Yiuf
   888 | D:2      | Reached XP level 3. HP: 30/30 MP: 3/3
  1119 | D:2      | Found an opulent altar of Gozag.
  1127 | D:2      | Became a worshipper of Gozag Ym Sagoz the Greedy
  1459 | D:3      | Reached skill level 3 in Stealth
  1459 | D:3      | Reached XP level 4. HP: 18/37 MP: 4/4
  1807 | D:3      | Reached XP level 5. HP: 39/42 MP: 5/5
  2156 | D:3      | Reached skill level 1 in Short Blades
  2512 | D:4      | Reached skill level 4 in Stealth
  2689 | D:4      | Reached XP level 6. HP: 47/49 MP: 6/6
  3146 | D:5      | Entered Level 5 of the Dungeon
  3179 | D:5      | Found a sand-covered staircase.
  3205 | Ossuary  | Entered an ossuary
  3372 | Ossuary  | Reached skill level 5 in Stealth
  3484 | Ossuary  | Reached XP level 7. HP: 54/55 MP: 7/7
  3970 | D:5      | Reached skill level 5 in Fighting
  3970 | D:5      | Reached skill level 6 in Stealth
  4208 | D:5      | Reached skill level 5 in Short Blades
  4805 | D:5      | Reached XP level 8. HP: 37/63 MP: 8/8
  5016 | D:6      | Found a runed translucent gate.
  5016 | D:6      | Found a runed translucent gate.
  5016 | D:6      | Found a runed translucent gate.
  5097 | D:6      | Reached skill level 1 in Evocations
  5355 | D:6      | Found a staircase to the Ecumenical Temple.
  5394 | D:6      | Reached skill level 7 in Stealth
  6056 | D:6      | Noticed milododd's ghost (novice SpAK)
  6085 | D:6      | Found a shimmering blue altar of Sif Muna.
  6085 | D:6      | Found a shattered altar of Ashenzari.
  6086 | D:6      | Found a white marble altar of Elyvilon.
  6314 | D:7      | Reached XP level 9. HP: 48/69 MP: 10/10
  6376 | D:7      | Found a snail-covered altar of Cheibriados.
  7051 | D:8      | Identified the Grimoire of Displaced Ignition
  7302 | D:8      | Reached skill level 8 in Stealth
  7508 | D:8      | Found a blossoming altar of Fedhas.
  7813 | D:9      | Reached skill level 5 in Dodging
  7875 | D:9      | Found a stormy altar of Qazlal.
  7952 | D:9      | You fall into a shaft and drop 3 floors!
  7963 | D:11     | Noticed a deep elf mage
  7978 | D:11     | Noticed a cyclops
  8000 | D:11     | Killed a cyclops
  8003 | D:11     | Noticed a troll
  8031 | D:11     | Killed a troll
  8031 | D:11     | Reached skill level 9 in Stealth
  8239 | D:11     | Reached XP level 10. HP: 77/77 MP: 12/12
  8500 | D:10     | Entered Level 10 of the Dungeon
  8519 | D:10     | Noticed Fannar
  8737 | D:9      | Reached skill level 10 in Short Blades
  8737 | D:9      | Reached skill level 10 in Stealth
  8941 | D:9      | Found a staircase to the Lair.
  9111 | D:9      | Found a hazy altar of Hepliaklqana.
  9112 | D:9      | Found a shimmering altar of Xom.
  9359 | D:10     | Reached skill level 11 in Stealth
  9426 | D:10     | Paralysed by a hornet for 1 turns
  9681 | D:10     | Learned a level 1 spell: Apportation
  9685 | D:10     | Learned a level 3 spell: Confuse
  9688 | D:10     | Learned a level 2 spell: Ensorcelled Hibernation
  9690 | D:10     | Learned a level 1 spell: Confusing Touch
  9693 | D:10     | Learned a level 2 spell: Blink
  9947 | D:10     | Reached skill level 1 in Hexes
 10023 | D:10     | Noticed Josephine
 10045 | D:10     | Killed Josephine
 10045 | D:10     | Reached skill level 1 in Spellcasting
 10045 | D:10     | Reached skill level 1 in Translocations
 10045 | D:10     | Reached XP level 11. HP: 84/86 MP: 14/14
 10102 | D:10     | Killed Fannar
 10666 | D:11     | Noticed a green ugly thing
 10690 | D:11     | Killed a green ugly thing
 10690 | D:11     | Reached skill level 12 in Stealth
 10859 | Lair:1   | Entered Level 1 of the Lair of Beasts
 11199 | Lair:1   | Noticed a four-headed hydra
 11217 | Lair:1   | Killed a four-headed hydra
 11574 | Lair:1   | Reached skill level 5 in Hexes
 11959 | Lair:2   | Noticed an eight-headed hydra
 11973 | Lair:2   | Killed an eight-headed hydra
 12342 | Lair:2   | Noticed a six-headed hydra
 12849 | Lair:2   | Reached skill level 13 in Stealth
 12865 | Lair:2   | Got a dazzling trident
 12866 | Lair:2   | Identified the +8 trident of Roical {venom, rElec Dex+6}
                  | (You found it on level 2 of the Lair of Beasts)
 12905 | Lair:2   | Killed a six-headed hydra
 12905 | Lair:2   | Reached XP level 12. HP: 95/95 MP: 16/18
 13109 | Lair:2   | Found a hole to the Spider Nest.
 13674 | Lair:3   | Found a staircase to the Swamp.
 13900 | Lair:3   | Reached skill level 1 in Armour
 14268 | Lair:4   | Noticed an eight-headed hydra
 14405 | Lair:4   | Found a runed translucent gate.
 14405 | Lair:4   | Found a runed translucent gate.
 14405 | Lair:4   | Found a runed translucent gate.
 14406 | Lair:4   | Noticed a minotaur
 14407 | Lair:4   | Noticed Noxiv's ghost (journeyman FoFi)
 14762 | Lair:4   | Reached skill level 5 in Spellcasting
 15068 | Lair:4   | Noticed a six-headed hydra
 15085 | Lair:4   | Killed a six-headed hydra
 15143 | Lair:4   | Reached skill level 14 in Stealth
 15925 | Lair:5   | Reached skill level 10 in Fighting
 16246 | Lair:5   | Reached XP level 13. HP: 95/103 MP: 16/20
 17376 | Lair:6   | Entered Level 6 of the Lair of Beasts
 17469 | Lair:6   | Found a staircase to the Slime Pits.
 17470 | Lair:6   | Found a viscous altar of Jiyva.
 17681 | Lair:6   | Reached skill level 10 in Hexes
 17932 | Lair:6   | Reached skill level 15 in Stealth
 19252 | Lair:6   | Reached skill level 5 in Armour
 19671 | Lair:6   | Found a large runed translucent door.
 20192 | Lair:6   | Found a large runed translucent door.
 20226 | Lair:6   | Noticed a fire dragon
 20334 | Lair:6   | Killed a fire dragon
 20634 | Lair:5   | Reached skill level 16 in Stealth
 20634 | Lair:5   | Reached XP level 14. HP: 78/113 MP: 2/21
 21761 | D:12     | Found a staircase to the Orcish Mines.
 21959 | D:12     | Found a transporter.
 21961 | D:12     | Noticed Moredread's ghost (journeyman DrCj)
 21968 | D:12     | Found a transporter.
 21974 | D:12     | Identified the +5 great mace of Extinguishment {flame,
                  | *Contam Str+9 Int+5 Dex+3}
 21974 | D:12     | Noticed a fire giant
 22054 | D:12     | Reached skill level 10 in Dodging
 22288 | D:12     | Found Nockym's Antique Artefacts.
 22318 | D:12     | Bought a faintly glowing pewter ring for 130 gold pieces
 22318 | D:12     | Bought a smoking leather armour for 182 gold pieces
 22318 | D:12     | Bought a clouded ruby amulet for 130 gold pieces
 22318 | D:12     | Bought a blackened short sword for 208 gold pieces
 22318 | D:12     | Identified the +5 short sword "Nassoz" {antimagic, +Fly
                  | rPois rC++ Dex-4} (You bought it in a shop on level 12 of
                  | the Dungeon)
 22319 | D:12     | Identified the ring of Moaroroux {Str+3 Dex+6 Slay+2} (You
                  | bought it in a shop on level 12 of the Dungeon)
 22320 | D:12     | Identified the amulet of Tihurph {Faith Int+3 Dex+6} (You
                  | bought it in a shop on level 12 of the Dungeon)
 22321 | D:12     | Identified the cursed +1 leather armour of Segyhe {*Drain
                  | Str+6 Dex+4} (You bought it in a shop on level 12 of the
                  | Dungeon)
 22615 | D:12     | You fall into a shaft and drop 2 floors!
 22775 | D:14     | Found a bloodstained altar of Trog.
 22789 | D:14     | Found a frozen archway.
 22893 | IceCv    | Entered an ice cave
 22909 | IceCv    | Reached skill level 17 in Stealth
 23134 | IceCv    | Learned a level 3 spell: Tukima's Dance
 23601 | IceCv    | Got an encrusted flail
 23808 | D:14     | Reached skill level 1 in Ice Magic
 24341 | D:13     | Found a transporter.
 24353 | D:13     | Found a transporter.
 24366 | D:13     | Noticed xoxolimbo's ghost (journeyman DsFE)
 24803 | D:13     | Reached skill level 5 in Ice Magic
 24954 | D:13     | Reached skill level 18 in Stealth
 25277 | D:14     | Found a gate to the Vaults.
 26389 | D:13     | Found Wuiqy's Antique Weapon Shop.
 26614 | D:12     | Reached XP level 15. HP: 122/122 MP: 22/22
 26799 | D:12     | Noticed Erolcha
 26802 | D:12     | Killed Erolcha
 26870 | D:12     | Identified the +6 flail "Igrueg" {elec, rElec rF+ Str+3}
                  | (You found it in an ice cave)
 27138 | Orc:1    | Entered Level 1 of the Orcish Mines
 27607 | Orc:2    | Entered Level 2 of the Orcish Mines
 27623 | Orc:1    | Found Utargh's Assorted Antiques.
 28000 | Orc:2    | Noticed Urug
 28039 | Orc:1    | Reached skill level 19 in Stealth
 28442 | Orc:1    | Killed Urug
 29320 | Orc:2    | Found a staircase to the Elven Halls.
 29662 | Orc:2    | Found Tieladog's Antique Weapon Shop.
 29662 | Orc:2    | Found Heniec's Book Shoppe.
 29664 | Orc:2    | Found Orreack's Weapon Emporium.
 29666 | Orc:2    | Found Zaclash's Book Boutique.
 29678 | Orc:2    | Bought a book of Party Tricks for 650 gold pieces
 29680 | Orc:2    | Learned a level 1 spell: Summon Butterflies
 29687 | Orc:2    | Learned a level 6 spell: Invisibility
 29867 | Orc:2    | Found a shimmering altar of Xom.
 29959 | Orc:2    | Bought a pair of smoking gloves for 285 gold pieces
 29973 | Orc:2    | Identified the cursed -4 pair of gloves "Hero's Friend"
                  | {rF++ Str+3 Stlth-} (You bought it in a shop on level 2 of
                  | the Orcish Mines)
 29993 | Orc:2    | Bought the +2 pair of boots of the Assassin {Detection
                  | Stab+ Stlth++} for 1800 gold pieces
 29993 | Orc:2    | Found the +2 pair of boots of the Assassin {Detection Stab+
                  | Stlth++}
 29998 | Orc:2    | Bought crude pearl dragon scales for 3105 gold pieces
 30008 | Orc:2    | Identified the +1 pearl dragon scales of Ru's Envy {rN+
                  | Str+4} (You bought it in a shop on level 2 of the Orcish
                  | Mines)
 30021 | Orc:2    | Bought a glowing cloak for 225 gold pieces
 30242 | Spider:1 | Entered Level 1 of the Spider Nest
 32543 | Spider:1 | Upgraded the game from 0.24-a0-549-g45f0056d81 to
                  | 0.24-a0-580-g6a6c3f83c1
 33693 | Spider:1 | HP: 5/124 [poisoned by a redback]
 34299 | Spider:1 | Gained mutation: You are clumsy. (Dex -2) [mutagenic glow]
 34789 | Spider:2 | Reached skill level 20 in Stealth
 35429 | Spider:2 | You fall into a shaft and drop 1 floor!
 36512 | Spider:3 | Reached XP level 16. HP: 132/132 MP: 23/26
 37537 | Spider:4 | Entered Level 4 of the Spider Nest
 39182 | Spider:4 | Noticed Arachne
 39186 | Spider:4 | Killed Arachne
 39186 | Spider:4 | Reached skill level 21 in Stealth
 39989 | Spider:4 | Reached skill level 15 in Hexes
 41806 | Spider:4 | Got a gossamer rune of Zot
 41841 | Spider:4 | Reached XP level 17. HP: 139/139 MP: 30/30
 42121 | Swamp:1  | Entered Level 1 of the Swamp
 42134 | Swamp:1  | Reached skill level 22 in Stealth
 42336 | Lair:3   | Learned a level 3 spell: Lesser Beckoning
 42339 | Lair:3   | Learned a level 2 spell: Passwall
 42343 | Lair:3   | Learned a level 3 spell: Mephitic Cloud
 42423 | Swamp:1  | Found a transporter.
 42861 | Swamp:1  | Paralysed by a hornet for 3 turns
 43332 | Swamp:1  | Found a transporter.
 43513 | Swamp:1  | Got a crude ruby amulet
 43514 | Swamp:1  | Identified the amulet of a Billion Lovers {Harm *Drain
                  | +Fly} (You found it on level 1 of the Swamp)
 43527 | Swamp:1  | Got a twitching silver ring
 43528 | Swamp:1  | Identified the ring of Iwudgh {rN+ Int+2 Slay-4 Stlth-}
                  | (You found it on level 1 of the Swamp)
 43534 | Swamp:1  | Identified the +9 scythe of the Penguin {slice, rPois MR+
                  | Str+5} (You found it on level 1 of the Swamp)
 44136 | Swamp:2  | Reached skill level 10 in Spellcasting
 45825 | Swamp:3  | Learned a level 4 spell: Passage of Golubria
 46823 | Swamp:4  | Entered Level 4 of the Swamp
 46823 | Swamp:4  | Noticed Donald
 46834 | Swamp:4  | Killed Donald
 46836 | Swamp:4  | Reached skill level 23 in Stealth
 48188 | Swamp:3  | Reached XP level 18. HP: 99/146 MP: 16/32
 48366 | Swamp:3  | Reached skill level 5 in Shields
 49392 | Swamp:4  | Got a decaying rune of Zot
 49955 | D:12     | Killed Moredread's ghost
 50349 | D:2      | Killed Crazy Yiuf
 50537 | D:6      | Killed milododd's ghost
 50814 | D:13     | Killed xoxolimbo's ghost
 50933 | D:15     | Entered Level 15 of the Dungeon
 51009 | D:15     | Noticed Azrael
 51040 | D:15     | Killed Azrael
 51894 | D:15     | Found a staircase to the Depths.
 52511 | Lair:4   | Killed Noxiv's ghost
 52867 | Vaults:1 | Entered Level 1 of the Vaults
 53180 | Vaults:1 | Noticed Asterion
 53184 | Vaults:1 | Killed Asterion
 53206 | Vaults:1 | Reached skill level 24 in Stealth
 53477 | Vaults:1 | Noticed Aizul
 53518 | Vaults:1 | Killed Aizul
 54162 | Vaults:1 | Reached XP level 19. HP: 80/152 MP: 5/33
 54491 | Vaults:1 | Gained mutation: You occasionally shout uncontrollably at
                  | your foes. [mutagenic glow]
 55065 | Vaults:1 | Identified the +0 ring mail of Ziampod {Int+6} (You found
                  | it on level 1 of the Vaults)
 56268 | Vaults:2 | Reached skill level 25 in Stealth
 56581 | Vaults:2 | Found a staircase to the Crypt.
 56581 | Vaults:2 | Found a basalt altar of Yredelemnul.
 56582 | Vaults:2 | Found an ancient bone altar of Kikubaaqudgha.
 57847 | Vaults:2 | Identified the +0 ring mail of Bad Feelings {Str+4 SInv}
                  | (You found it on level 2 of the Vaults)
 58216 | Vaults:2 | Reached XP level 20. HP: 126/159 MP: 20/34
 58686 | Vaults:2 | Reached skill level 10 in Shields
 58744 | Vaults:3 | Reached skill level 15 in Dodging
 58799 | Vaults:3 | Bought a potion of mutation for 128 gold pieces
 58799 | Vaults:3 | Bought a smoking pewter ring for 80 gold pieces
 58799 | Vaults:3 | Lost mutation: You occasionally shout uncontrollably at
                  | your foes. [potion of mutation]
 58799 | Vaults:3 | Lost mutation: You are clumsy. (Dex -2) [potion of
                  | mutation]
 58799 | Vaults:3 | Gained mutation: You are dopey. (Int -2) [potion of
                  | mutation]
 58799 | Vaults:3 | Gained mutation: You are very dopey. (Int -4) [potion of
                  | mutation]
 58799 | Vaults:3 | Gained mutation: You occasionally shout uncontrollably at
                  | your foes. [potion of mutation]
 58799 | Vaults:3 | Gained mutation: You are partially covered in molten
                  | scales. (AC +2) [potion of mutation]
 58800 | Vaults:3 | Lost mutation: You occasionally shout uncontrollably at
                  | your foes. [potion of mutation]
 58800 | Vaults:3 | Lost mutation: You are very dopey. (Int -4) [potion of
                  | mutation]
 58800 | Vaults:3 | Gained mutation: You expend magic power (3 MP) to
                  | strengthen your wands. [potion of mutation]
 58800 | Vaults:3 | Gained mutation: You are weak. (Str -2) [potion of
                  | mutation]
 58800 | Vaults:3 | Gained mutation: You have a pair of small horns on your
                  | head. [potion of mutation]
 58800 | Vaults:3 | Gained mutation: Your flesh is heat resistant. (rF+)
                  | [potion of mutation]
 58802 | Vaults:3 | Identified the ring "Forget-Me-Not" {*Tele +Blink rN+} (You
                  | bought it in a shop on level 3 of the Vaults)
 58881 | Vaults:3 | Reached skill level 1 in Transmutations
 59608 | Vaults:3 | Reached skill level 26 in Stealth
 60870 | Vaults:3 | Reached skill level 5 in Transmutations
 61031 | Vaults:3 | Found Nappamm's Distillery.
 61335 | Vaults:3 | Found Hilet's Armour Emporium.
 61336 | Vaults:3 | Found Muschyucw's Food Emporium.
 61405 | Vaults:3 | Bought a potion of heal wounds for 95 gold pieces
 62074 | Vaults:4 | Upgraded the game from 0.24-a0-580-g6a6c3f83c1 to
                  | 0.24-a0-581-gc0fa6600bf
 62074 | Vaults:4 | Upgraded the game from 0.24-a0-581-gc0fa6600bf to
                  | 0.24-a0-584-g9d6b971ae4
 62879 | Vaults:4 | Reached XP level 21. HP: 156/165 MP: 33/35
 63274 | Vaults:4 | Reached skill level 27 in Stealth
 64114 | Vaults:4 | Learned a level 2 spell: Sublimation of Blood
 64117 | Vaults:4 | Learned a level 2 spell: Swiftness
 64123 | Vaults:4 | Learned a level 5 spell: Irradiate
 64383 | Elf:1    | Entered Level 1 of the Elven Halls
 64952 | Elf:1    | Reached skill level 1 in Conjurations
 66639 | Elf:2    | Found a huge runed translucent gate.
 66639 | Elf:2    | Found a huge runed translucent gate.
 66639 | Elf:2    | Found a huge runed translucent gate.
 66640 | Elf:2    | Found a huge runed translucent gate.
 66641 | Elf:2    | Found a huge runed translucent gate.
 66692 | Elf:2    | Found a shimmering blue altar of Sif Muna.
 67149 | Elf:3    | Entered Level 3 of the Elven Halls
 67307 | Elf:3    | Found a huge runed gate.
 67307 | Elf:3    | Found a huge runed gate.
 67307 | Elf:3    | Found a huge runed gate.
 67307 | Elf:3    | Found a huge runed gate.
 67307 | Elf:3    | Found a huge runed gate.
 67308 | Elf:3    | Found a huge runed gate.
 67308 | Elf:3    | Found a huge runed gate.
 67309 | Elf:3    | Found a huge runed gate.
 67473 | Elf:3    | Found a huge runed gate.
 67474 | Elf:3    | Found a huge runed gate.
 67474 | Elf:3    | Found a huge runed gate.
 67476 | Elf:3    | Found a huge runed gate.
 67478 | Elf:3    | Found a huge runed gate.
 67517 | Elf:3    | Found a huge runed gate.
 67517 | Elf:3    | Found a huge runed gate.
 67519 | Elf:3    | Found a huge runed gate.
 67551 | Elf:3    | Found a huge runed gate.
 67551 | Elf:3    | Found a huge runed gate.
 67551 | Elf:3    | Found a huge runed gate.
 68039 | Elf:3    | Identified the +7 great sword "Pibabun" {flame, *Noise rF+
                  | Str+4}
 68039 | Elf:3    | Identified the +0 robe of the Beekeeper {*Contam rElec
                  | Dex+6}
 68039 | Elf:3    | Identified the ring "Papevei" {rF+ MR++ Slay-3}
 68475 | Depths:1 | Entered Level 1 of the Depths
 68797 | D:15     | Bought a smoking dagger for 245 gold pieces
 68797 | D:15     | Identified the cursed +0 dagger of Linearity {vamp, Dex+7}
                  | (You bought it in a shop on level 15 of the Dungeon)
 69029 | Depths:1 | Noticed the Enchantress
 69318 | Depths:1 | Reached XP level 22. HP: 140/173 MP: 28/36
 69391 | D:15     | Killed the Enchantress
 70229 | Vaults:3 | Bought a scroll of brand weapon for 320 gold pieces
 70969 | Depths:1 | Found the ring of Robustness {AC+8}
 71432 | Depths:1 | Found Mamahy's Jewellery Shop.
 71432 | Depths:1 | Found Gosassid's Gadget Emporium.
 71433 | Depths:1 | Found Loylisoy's Gadget Emporium.
 71447 | Depths:1 | Bought a cursed ring of protection from magic for 374 gold
                  | pieces
 71776 | Depths:2 | Found a one-way gate leading to the halls of Pandemonium.
 72092 | Depths:2 | Found Uruskuq's Food Shoppe.
 72146 | Depths:2 | Got a coiled glass ring
 72147 | Depths:2 | Identified the ring of Noded {Ice rPois rN+ Str-3 Slay+5}
                  | (You found it on level 2 of the Depths)
 72158 | Depths:2 | Found a transporter.
 72162 | Depths:2 | Noticed Uptanipo's ghost (master KoEn)
 72168 | Depths:2 | Noticed a caustic shrike
 72213 | Depths:2 | Reached skill level 10 in Armour
 72318 | Depths:2 | Reached skill level 5 in Conjurations
 72324 | Depths:2 | Found a transporter.
 72340 | Depths:2 | Reached skill level 15 in Fighting
 72363 | Depths:2 | Noticed Mara
 72454 | Depths:2 | Noticed a caustic shrike
 72498 | Depths:2 | Found Yngaqoth's Assorted Antiques.
 72501 | Depths:2 | Bought a scroll of enchant weapon for 270 gold pieces
 72836 | Depths:2 | Noticed Nikola
 72893 | Depths:2 | Identified the +2 ring mail "Zeanlen" {rC++ Regen+ Int-4
                  | Slay+4}
 73182 | Depths:2 | Found the +6 shillelagh "Devastator" {shatter}
 73261 | Depths:2 | Found Heinic's Jewellery Boutique.
 73262 | Depths:2 | Found a gateway to a ziggurat.
 73286 | Depths:2 | Identified the +10 great sword "Uletzasi" {speed, rF- SInv
                  | Stlth+}
 73428 | Depths:2 | Killed Nikola
 73606 | Depths:2 | Bought an uncursed ring of protection from fire for 350
                  | gold pieces
 73650 | Depths:2 | Found a gateway to Hell.
 73823 | Depths:2 | Reached skill level 10 in Transmutations
 74149 | Depths:2 | Killed Mara
 74602 | Depths:3 | Noticed a juggernaut
 74673 | Depths:3 | Killed a juggernaut
 74674 | Depths:3 | Paralysed by a great orb of eyes for 6 turns
 75106 | Depths:3 | Reached XP level 23. HP: 183/183 MP: 37/37
 75550 | Depths:3 | Found a one-way gate to the infinite horrors of the Abyss.
 76077 | Depths:3 | Identified the Almanac of Helpful Curses
 76922 | Depths:3 | Gained mutation: Your spells are a little easier to cast,
                  | but a little less powerful. [a neqoxec]
 77545 | Depths:3 | Reached skill level 15 in Shields
 78441 | Depths:4 | Identified the ring of Qaorgh {Ice *Contam rPois Int+2
                  | Dex+5}
 79477 | Depths:4 | Reached XP level 24. HP: 197/197 MP: 37/37
 79599 | Depths:4 | Identified the Volume of Helpful Clay
 79902 | Depths:4 | Identified the cursed +1 chain mail of Irraifiu {+Fly MR+
                  | Dex-4} (You found it on level 4 of the Depths)
 80205 | Depths:5 | Entered Level 5 of the Depths
 80298 | Depths:5 | Noticed Saint Roka
 80311 | Depths:5 | Killed Saint Roka
 80311 | Depths:5 | Reached skill level 1 in Air Magic
 80311 | Depths:5 | Reached skill level 1 in Poison Magic
 80989 | Depths:5 | Identified the +8 chain mail of the Frog {Int+4} (You found
                  | it on level 5 of the Depths)
 81676 | Depths:5 | Found a gate to the Realm of Zot.
 83714 | Elf:3    | Identified the amulet of Dim Light {Regen+ Str-4 Dex+5}
 83790 | Elf:3    | Identified a scroll of acquirement
 83839 | Elf:3    | Found the +3 giant club "Skullcrusher" {speed, Str+7}
 83843 | Elf:3    | Identified the Volume of Orientation and Earth
 84065 | Elf:3    | Found the +3 warlock's mirror {reflect}
 84599 | Crypt:1  | Entered Level 1 of the Crypt
 84748 | Crypt:1  | Reached skill level 5 in Air Magic
 85140 | Crypt:1  | Noticed Khufu
 85140 | Crypt:1  | Noticed a greater mummy
 85179 | Crypt:1  | Killed Khufu
 85179 | Crypt:1  | Reached skill level 5 in Poison Magic
 85188 | Crypt:1  | Killed a greater mummy
 85449 | Crypt:2  | Found a runed translucent door.
 85534 | Crypt:2  | Reached XP level 25. HP: 188/204 MP: 38/38
 85893 | Crypt:2  | Noticed Mennas
 86345 | Crypt:2  | Noticed Mehus's ghost (veteran MiBe)
 86501 | Crypt:3  | Entered Level 3 of the Crypt
 86801 | Crypt:3  | Found a staircase to the Tomb.
 87584 | Crypt:3  | Found an ancient bone altar of Kikubaaqudgha.
 87913 | Crypt:3  | Noticed Boris
 87960 | Crypt:3  | Killed Boris
 88273 | Crypt:3  | Got a bloodstained ring mail
 88383 | Crypt:3  | Noticed an ancient lich
 88467 | Crypt:3  | Killed an ancient lich
 89062 | Vaults:3 | Bought a scroll of identify for 78 gold pieces
 89062 | Vaults:3 | Identified the +4 ring mail "Hacuiroa" {MP+9} (You found it
                  | on level 3 of the Crypt)
 89421 | Slime:1  | Entered Level 1 of the Pits of Slime
 89851 | Depths:3 | Voluntarily entered the Abyss.
 89851 | Abyss:1  | Found a corrupted altar of Lugonu.
 89966 | Depths:3 | Escaped the Abyss
 89968 | Depths:3 | Voluntarily entered the Abyss.
 90429 | Abyss:3  | Got an abyssal rune of Zot
 90439 | Depths:3 | Escaped the Abyss
 90569 | Zot:1    | Entered Level 1 of the Realm of Zot
 91628 | Zot:1    | Reached skill level 5 in Evocations
 92086 | Zot:2    | Reached XP level 26. HP: 215/215 MP: 33/39
 93707 | Zot:4    | Reached skill level 10 in Evocations
 95446 | Zot:5    | Entered Level 5 of the Realm of Zot
 95493 | Zot:5    | Noticed an orb of fire
 95932 | Zot:5    | Noticed an orb of fire
 95943 | Zot:5    | Noticed an ancient lich
 95944 | Zot:5    | Noticed an ancient lich
 95966 | Zot:5    | Noticed an orb of fire
 95990 | Zot:5    | Killed an orb of fire
 95998 | Zot:5    | Reached XP level 27. HP: 228/228 MP: 39/39
 96015 | Zot:5    | Got the Orb of Zot
 96148 | Zot:4    | Noticed Xatriz the pandemonium lord
 96696 | D:$      | Escaped with the Orb!

Levels and vault maps discovered:
D:1:      mainiacjoe_arrival_reflecting_pool, layout_basic, minmay_tetromino_t4
D:2:      layout_rooms, first_ration, grunt_gozag_breadcrumbs,
          uniq_crazy_yiuf_cottage
D:3:      layout_rooms, hex_large, kennysheep_generic_room_9
D:4:      layout_gridville
D:5:      minmay_evil_eye, layout_basic, enter_ossuary_4
D:6:      layout_layer_cave, gammafunk_temple_overflow_claw,
          minmay_temple_entry_wispy, gammafunk_ghost_icy,
          kennysheep_generic_room_14
D:7:      layout_rooms, marbit_many_paths
D:8:      layout_cave_pools, kennysheep_little_box
D:9:      layout_irregular_city, regret_index_temple_of_mockery,
          nicolae_qazlal_general_emergency, lair_entry_dummy
D:10:     layout_stronghold, library_closet, minmay_misc_feat_iff,
          uniq_josephine, uniq_fannar
D:11:     layout_big_octagon
D:12:     layout_roguey, orc_0_dummy, gammafunk_ghost_smash, hangedman_ranch
          [blue_anna_fruit_fields], nicolae_antique_artefacts, minmay_librarian,
          uniq_erolcha
D:13:     layout_irregular_city, serial_shops, nicolae_shop_behind_doors,
          gammafunk_ghost_hive, minmay_misc_feat_enclosed
D:14:     layout_roguey, david_vaults_2, portal_ice_cave_demonic_guard,
          skrybe_limestone_x, drop_trap, lemuel_tele_altar
D:15:     hangedman_depths_entry_try_elsewhere_first, layout_loops_cross,
          serial_bayou_shore_a, nrook_campfire, minmay_shattered_shrine,
          uniq_azrael
Lair:1:   layout_regular_city
Lair:2:   layout_hall_layers, nicolae_spider_entry_non_spiders
Lair:3:   layout_hall_layers, nicolae_swamp_entry_splash_gauntlet
Lair:4:   layout_big_grid, maelrawn_ghost_gauntlet_escape
Lair:5:   layout_layer_cave
Lair:6:   cheibrodos_lair_end_hotspot, layout_small_grid, slime_altar_1
Swamp:1:  gammafunk_its_a_trap, layout_falls_marsh, serial_swamp_ruin,
          evilmike_swamp_ruin_house_3, evilmike_swamp_ruin_rubble_2, swamp_pool1
Swamp:2:  layout_basic_swamp, nicolae_swamp_treefoil,
          nicolae_swamp_necromancer_hut, infiniplex_staircase_pool
Swamp:3:  layout_basic_swamp, nicolae_swamp_very_dense_foliage, swamp_pool3
Swamp:4:  swamp_basic_johnstein, layout_basic_swamp, uniq_donald
Spider:1: layout_spider_delve
Spider:2: layout_spider_delve
Spider:3: layout_chambers
Spider:4: johnstein_spider_rune_arachne_lair, worms_lemuel
Slime:1:  layout_caves
Orc:1:    layout_caves, serial_shops, shop
Orc:2:    st_orc_rangers, layout_diamond_mine, lemuel_statue_altar, uniq_urug
Elf:1:    eino_elf_arrival_customs, layout_geoelf_octagon, minivault_28,
          serial_sigils_hangedman_confine
Elf:2:    layout_geoelf_diagonals, basic_altar
Elf:3:    elf_hall, layout_rooms, door_vault
Vaults:1: vaults_room_corners, hangedman_vaults_trim, v_rooms_4, v_misc_16,
          v_pattern_3, v_misc_19, ontoclasm_vaults_eye,
          nicolae_vaults_c_with_doors, dpeg_vaults_monster_row,
          grunt_vaults_focal, nicolae_vaults_little_squares_3,
          layout_vaults_big_cross, uniq_asterion, uniq_aizul
Vaults:2: vaults_mumra_bighexcomb, minmay_crypt_entry_necro_gods,
          grunt_vaults_trifunnel, v_misc_17, hangedman_vaults_restitches,
          nicolae_vaults_network_quinsquares
          [nicolae_vaults_network_quincunx_subvault,
          nicolae_vaults_network_quincunx_subvault,
          nicolae_vaults_network_quincunx_subvault,
          nicolae_vaults_network_quincunx_subvault], vaults_room_pools,
          nicolae_vaults_asterisk, layout_vaults_omnigrid
Vaults:3: nicolae_vaults_network_square, vaults_mumra_minichess_inversion,
          v_misc_17, nicolae_vaults_circle_grid_a,
          hangedman_vaults_hard_town_square, ontoclasm_vaults_claustrophobia,
          v_misc_14, vaults_dpeg_hooks, vaults_standard_mumra_lines, v_misc_3,
          vaults_room_door_ring, layout_vaults_omnibox
Vaults:4: hangedman_vaults_maws, vaults_mumra_lcd, nicolae_vaults_network_s,
          v_misc_33, ontoclasm_vaults_ring_square, nicolae_vaults_theta,
          ontoclasm_vaults_fault, hangedman_vaults_trim, v_misc_28,
          vaults_room_corners, layout_vaults_big_room
Crypt:1:  layout_catacombs, st_stairs_12, uniq_khufu
Crypt:2:  layout_regular_city, ebering_ghost_inner_flame, uniq_mennas
Crypt:3:  evilmike_haunted_forest, uniq_boris
Depths:1: layout_cave_shapes, nrook_mini_backslash, hellmouth_1,
          minmay_statues_item, minmay_guarded_unrand_robustness,
          minmay_shop_grove, grunt_megastairs_3, serial_bayou_shore_b,
          uniq_enchantress
Depths:2: minmay_the_grid_octo_tiled_squarecenter_mashed
          [minmay_the_grid_octo_vomiting_pacman, minmay_the_grid_octo_horde,
          minmay_the_grid_octo_empty, minmay_the_grid_octo_clover_2,
          minmay_the_grid_square_5x5_megaprize_open,
          minmay_the_grid_square_5x5_comb, minmay_the_grid_square_5x5_lines,
          minmay_the_grid_square_5x5_two_walls_a,
          minmay_the_grid_square_5x5_empty], layout_cave_shapes,
          enter_ziggurat_e, serial_shops, shop, kennysheep_mini_moat, shop,
          pan_entry, gammafunk_ghost_berserking_beasts,
          hangedman_tar_grid_catacomb, uniq_nikola, uniq_mara
Depths:3: grunt_x_marks_the_spot, layout_basic, grunt_pan_entry_spiral,
          hell_entry, abyss_entry, serial_bayou_shore_b,
          infiniplex_staircase_split_hallway
Depths:4: grunt_crosshair, layout_cave_shapes, lightli_too_deep, pan_entry,
          minmay_misc_feat_chi, abyss_entry
Depths:5: lemuel_castle_with_subvaults [lemuel_castle_interior_original],
          layout_basic, serial_bayou_pond_b, pf_dread_powers_of_hell,
          minmay_fountain_box, chequers_serial_rivers_small_a,
          hangedman_abyss_or_decor_jellyfish_corner, uniq_saint_roka
Zot:1:    layout_misc_corridors, grunt_ministairs_13, zot_minivault_3
Zot:2:    cheibrodos_zot_enchanting_chambers, layout_basic
Zot:3:    kennysheep_room_grid, layout_onion_interference
Zot:4:    lemuel_halls_of_wrath, layout_basic
Zot:5:    layout_misc_corridors

Skill      XL: |  1  2  3  4  5  6  7  8  9 10 11 12 13 14 15 16 17 18 19 20 21 22 23 24 25 26 |
---------------+-------------------------------------------------------------------------------+-----
Polearms       | 2 3 |  3.3
Stealth        | 2 3 4 5 6 7 9 11 13 14 16 18 20 21 23 24 25 26 27 | 27.0
Fighting       | 4 5 6 8 9 10 11 12 13 14 15 18 19 20 21 | 21.8
Dodging        | 2 3 4 5 6 7 9 10 11 13 14 15 | 15.0
Short Blades   | 2 3 6 7 9 10 | 10.0
Evocations     | 2 3 4 5 11 | 11.7
Shields        | 2 4 7 9 11 12 14 15 | 15.0
Hexes          | 2 6 9 11 12 13 15 17 19 20 21 24 | 24.0
Spellcasting   | 1 4 5 6 9 10 11 12 | 12.0
Translocations | 1 3 4 |  4.0
Armour         | 3 5 7 9 10 | 10.0
Ice Magic      | 6 |  6.0
Transmutations | 5 7 10 12 | 12.0
Conjurations   | 3 5 6 |  6.0
Air Magic      | 5 |  5.0
Poison Magic   | 5 |  5.0
Staves         | |  1.0

Action                   |  1- 3 |  4- 6 |  7- 9 | 10-12 | 13-15 | 16-18 | 19-21 | 22-24 | 25-27 || total
-------------------------+-------+-------+-------+-------+-------+-------+-------+-------+-------++-------
Melee: Spear             |    97 |   191 |   249 |       |       |       |       |       |       ||   537
       Bite              |     4 |    20 |    71 |   181 |   399 |   216 |   278 |   471 |   310 ||  1950
       Short sword       |       |    60 |   483 |  1046 |  2271 |       |       |       |       ||  3860
       Unarmed           |       |       |    30 |       |       |       |       |       |       ||    30
       Dagger            |       |       |    17 |       |   228 |  1608 |  1973 |    82 |       ||  3908
       Trident           |       |       |       |     2 |    18 |       |       |       |       ||    20
       Headbutt          |       |       |       |       |       |       |   297 |   763 |   563 ||  1623
       Quick blade       |       |       |       |       |       |       |       |  2701 |  2070 ||  4771
Throw: Boomerang         |     5 |       |     2 |     8 |       |       |       |       |       ||    15
       Dart              |     3 |     1 |     6 |    11 |    25 |     4 |       |       |       ||    50
       Throwing net      |       |       |       |       |       |       |       |       |     2 ||     2
 Cast: Confuse           |       |       |       |    30 |    83 |    53 |    59 |    24 |     8 ||   257
       Ensorcelled Hiber |       |       |       |    16 |    50 |    70 |    41 |    36 |       ||   213
       Confusing Touch   |       |       |       |    10 |    22 |    12 |     6 |    25 |     9 ||    84
       Blink             |       |       |       |     5 |     2 |       |       |       |       ||     7
       Invisibility      |       |       |       |       |    23 |    61 |    38 |    18 |    14 ||   154
       Apportation       |       |       |       |       |    14 |    23 |       |       |    12 ||    49
       Tukima's Dance    |       |       |       |       |     7 |     2 |     8 |       |     2 ||    19
       Passage of Golubr |       |       |       |       |       |     4 |       |       |     1 ||     5
       Summon Butterflie |       |       |       |       |       |       |       |     2 |       ||     2
       Passwall          |       |       |       |       |       |       |       |     1 |     4 ||     5
       Mephitic Cloud    |       |       |       |       |       |       |       |       |     4 ||     4
Invok: Call Merchant     |       |       |       |       |     1 |       |     6 |       |       ||     7
       Potion Petition   |       |       |       |       |     1 |       |       |       |     1 ||     2
       Bribe Branch      |       |       |       |       |       |       |       |       |     3 ||     3
Evoke: Wand              |       |       |    12 |    13 |    30 |    19 |    16 |       |     4 ||    94
       Lightning rod     |       |       |       |       |     4 |     1 |     3 |     4 |       ||    12
       Crystal ball of e |       |       |       |       |     1 |       |       |       |       ||     1
       Lamp of fire      |       |       |       |       |       |     1 |     1 |     2 |       ||     4
  Use: Scroll            |     7 |     2 |    10 |    10 |    21 |     8 |     7 |    22 |    17 ||   104
       Potion            |       |     2 |     3 |     2 |     2 |     4 |    10 |     5 |     2 ||    30
 Stab: Sleeping          |     3 |     5 |    13 |    23 |    81 |   116 |   111 |    64 |    49 ||   465
       Distracted        |       |       |     2 |     5 |    20 |    12 |    14 |    19 |    25 ||    97
       Confused          |       |       |       |    23 |    59 |    44 |    29 |    43 |    17 ||   215
       Invisible         |       |       |       |       |    45 |   181 |   164 |   122 |    96 ||   608
       Held in net/web   |       |       |       |       |       |     1 |       |       |     3 ||     4
Armor: Robe              |     2 |       |       |       |       |       |       |       |       ||     2
       Leather armour    |     9 |    19 |       |       |       |    10 |   146 |     6 |       ||   190
       Skin              |       |    17 |    27 |       |       |       |       |       |       ||    44
       Scale mail        |       |    29 |   135 |       |       |       |       |       |       ||   164
       Ring mail         |       |       |    67 |   210 |   550 |   319 |       |       |       ||  1146
       Acid dragon scale |       |       |       |       |       |       |       |   332 |   201 ||   533
Dodge: Dodged            |    59 |    86 |   293 |   468 |  1590 |   998 |   819 |   791 |   478 ||  5582
Block: Buckler           |       |       |    47 |   208 |   598 |   267 |   101 |       |       ||  1221
       Shield            |       |       |       |       |       |       |   447 |   943 |   653 ||  2043

Table legend:
 A = Non-vault XP
 B = Vault XP
 C = Vault XP percentage of total XP
 D = Non-vault monster count
 E = Vault monster count
 F = Vault count percentage of total count
                 A         B        C        D         E       F
            +---------+---------+-------+---------+---------+-------
      Total |  793133 |  707327 |  47.1 |    1646 |     911 |  35.6
            +---------+---------+-------+---------+---------+-------
        D:1 |      34 |       2 |   5.6 |      10 |       2 |  16.7
        D:2 |      30 |      40 |  57.1 |      11 |       1 |   8.3
        D:3 |     199 |      13 |   6.1 |      34 |       1 |   2.9
        D:4 |     134 |       0 |   0.0 |       5 |       0 |   0.0
        D:5 |     399 |     121 |  23.3 |      20 |       6 |  23.1
        D:6 |    1167 |     725 |  38.3 |      28 |       7 |  20.0
        D:7 |     545 |      96 |  15.0 |       9 |       1 |  10.0
        D:8 |     480 |       0 |   0.0 |       8 |       0 |   0.0
        D:9 |    3135 |       0 |   0.0 |      29 |       0 |   0.0
       D:10 |    1547 |    2824 |  64.6 |      13 |       6 |  31.6
       D:11 |    7731 |       0 |   0.0 |      48 |       0 |   0.0
       D:12 |    6886 |   10027 |  59.3 |      43 |      17 |  28.3
       D:13 |   16235 |    3058 |  15.9 |      62 |      11 |  15.1
       D:14 |    6428 |    2325 |  26.6 |      32 |       5 |  13.5
       D:15 |   12739 |   23692 |  65.0 |      26 |      28 |  51.9
     Lair:1 |    4016 |       0 |   0.0 |      18 |       0 |   0.0
     Lair:2 |    4545 |     603 |  11.7 |      14 |       8 |  36.4
     Lair:3 |    4305 |     387 |   8.2 |      17 |       3 |  15.0
     Lair:4 |    8202 |    2917 |  26.2 |      28 |       5 |  15.2
     Lair:5 |    7464 |     621 |   7.7 |      27 |       2 |   6.9
     Lair:6 |   15230 |    7381 |  32.6 |      60 |      28 |  31.8
    Swamp:1 |   15971 |    5981 |  27.2 |      38 |       6 |  13.6
    Swamp:2 |   12903 |    1106 |   7.9 |      29 |       5 |  14.7
    Swamp:3 |   14075 |    4891 |  25.8 |      44 |       5 |  10.2
    Swamp:4 |   13793 |   16346 |  54.2 |      38 |      24 |  38.7
   Spider:1 |   17053 |       0 |   0.0 |      47 |       0 |   0.0
   Spider:2 |    9701 |       0 |   0.0 |      30 |       0 |   0.0
   Spider:3 |   21289 |     521 |   2.4 |      51 |       2 |   3.8
   Spider:4 |   16336 |   36237 |  68.9 |      37 |      70 |  65.4
    Slime:1 |    2722 |       0 |   0.0 |       3 |       0 |   0.0
      Orc:1 |    1817 |    2234 |  55.1 |      31 |      11 |  26.2
      Orc:2 |    1626 |    2722 |  62.6 |       9 |      27 |  75.0
      Elf:1 |   12879 |    6651 |  34.1 |      28 |      14 |  33.3
      Elf:2 |   17365 |   11499 |  39.8 |      29 |       8 |  21.6
      Elf:3 |   14452 |   55031 |  79.2 |      27 |      41 |  60.3
   Vaults:1 |   51211 |   37358 |  42.2 |      85 |      53 |  38.4
   Vaults:2 |   43016 |   14002 |  24.6 |      71 |      21 |  22.8
   Vaults:3 |   46835 |   28911 |  38.2 |      81 |      41 |  33.6
   Vaults:4 |   33605 |   20895 |  38.3 |      63 |      29 |  31.5
    Crypt:1 |    9859 |   17111 |  63.4 |      16 |       5 |  23.8
    Crypt:2 |   21265 |       0 |   0.0 |      33 |       0 |   0.0
    Crypt:3 |       0 |   68085 | 100.0 |       0 |      95 | 100.0
   Depths:1 |   27312 |   10288 |  27.4 |      43 |      16 |  27.1
   Depths:2 |   24110 |   49313 |  67.2 |      34 |      36 |  51.4
   Depths:3 |   58602 |   79163 |  57.5 |      72 |      70 |  49.3
   Depths:4 |   26994 |   25012 |  48.1 |      33 |      22 |  40.0
   Depths:5 |   18411 |   50546 |  73.3 |      16 |      51 |  76.1
      Zot:1 |   53858 |   15088 |  21.9 |      40 |      13 |  24.5
      Zot:2 |    8735 |       0 |   0.0 |       6 |       0 |   0.0
      Zot:3 |   52525 |   29846 |  36.2 |      29 |      12 |  29.3
      Zot:4 |   30231 |   44996 |  59.8 |      19 |      51 |  72.9
      Zot:5 |    7144 |   13833 |  65.9 |       9 |       6 |  40.0
    Abyss:1 |       8 |       0 |   0.0 |       1 |       0 |   0.0
    Abyss:2 |    5979 |       0 |   0.0 |      12 |       0 |   0.0
    Abyss:3 |       0 |    1123 | 100.0 |       0 |       3 | 100.0
    Ossuary |       0 |     493 | 100.0 |       0 |      32 | 100.0
      IceCv |       0 |    3213 | 100.0 |       0 |      11 | 100.0
            +---------+---------+-------+---------+---------+-------
